XFBL
ATLANTA BRAVES @ CHICAGO CUBS
07/18/1982
 
TOP OF THE 1ST
Atlanta Braves batting - Pitching for Chicago Cubs : LHP Adrian Wolf
Pitching: LHP Adrian Wolf
Batting: SHB Tony Fernandez 0-0: Called Strike
0-1: Ball
1-1: Bunted foul
1-2: Fly out, F8 (Line Drive, 8RM, EV 93.1 MPH)
Batting: LHB Mike Hargrove 0-0: Ball
1-0: Ball
2-0: Ball
3-0: Base on Balls
Batting: LHB Leon Durham 0-0: Called Strike
0-1: Ball
1-1: Ball
2-1: Foul Ball, location: 2F
2-2: Ball
3-2: Foul Ball, location: 2F
3-2: Foul Ball, location: 2F
3-2: Base on Balls
Mike Hargrove to second
Batting: LHB Karl Pagel 0-0: Ball
1-0: Ball
2-0: Swinging Strike
2-1: Foul Ball, location: 2F
2-2: Strikes out looking
Batting: LHB Mike Scioscia 0-0: Ball
1-0: Called Strike
1-1: Called Strike
1-2: Strikes out swinging
Top of the 1st over - 0 runs, 0 hits, 0 errors, 2 left on base; Atlanta 0 - Chicago 0
BOTTOM OF THE 1ST
Chicago Cubs batting - Pitching for Atlanta Braves : RHP Dick Drago
Pitching: RHP Dick Drago
Batting: RHB Gary Ward 0-0: Called Strike
0-1: Ball
1-1: Swinging Strike
1-2: Ball
2-2: Fly out, F9 (Flyball, 9LS, EV 76.9 MPH)
Batting: RHB Randy Ready 0-0: Foul Ball, location: 2F
0-1: Fly out, F9 (Flyball, 9LS, EV 89.4 MPH)
Batting: RHB Lonnie Smith 0-0: Called Strike
0-1: Called Strike
0-2: Ball
1-2: Fly out, F3 (Popup, 3SF, EV 74.4 MPH)
Bottom of the 1st over - 0 runs, 0 hits, 0 errors, 0 left on base; Atlanta 0 - Chicago 0
TOP OF THE 2ND
Atlanta Braves batting - Pitching for Chicago Cubs : LHP Adrian Wolf
Batting: RHB Craig Kusick 0-0: Ball
1-0: Ball
2-0: Called Strike
2-1: Called Strike
2-2: Foul Ball, location: 2F
2-2: Ball
3-2: Reached on error, E2 (Groundball, 15S, EV 70.0 MPH)
Batting: LHB Joe L Morgan 0-0: Called Strike
0-1: Ball
1-1: Ball
2-1: Called Strike
2-2: Fielders Choice at 2nd, 1-6 (Groundball, P, EV 64.4 MPH)
Batting: RHB John Freitas 0-0: Ball
1-0: Ball
2-0: Ball
3-0: Swinging Strike
3-1: Base on Balls
Joe L Morgan to second
Batting: RHB Dick Drago 0-0: Bunted foul
0-1: Sac Bunt to 15 - play at first, batter OUT! 1-4
Joe L Morgan to third
John Freitas to second
Batting: SHB Tony Fernandez 0-0: Ball
1-0: Fly out, F6 (Line Drive, 6, EV 62.5 MPH)
Top of the 2nd over - 0 runs, 0 hits, 1 error, 2 left on base; Atlanta 0 - Chicago 0
BOTTOM OF THE 2ND
Chicago Cubs batting - Pitching for Atlanta Braves : RHP Dick Drago
Batting: RHB Jim Rice 0-0: Called Strike
0-1: Ball
1-1: Ball
2-1: SINGLE (Line Drive, 6D, EV 95.0 MPH)
Batting: SHB Roy Smalley 0-0: Called Strike
0-1: Ball
1-1: Called Strike
1-2: Ball
2-2: Fly out, F6 (Line Drive, 6, EV 60.6 MPH)
Batting: RHB Marty Castillo 0-0: Ball
Jim Rice steals 2nd base
1-0: Called Strike
1-1: Ball
2-1: Ball
3-1: Foul Ball, location: 2F
3-2: Fly out, F9 (Flyball, 9D, EV 103.8 MPH)
Runner from 2nd tags up, SAFE at 3rd, no throw by RF
Batting: LHB Gerald Perry 0-0: Called Strike
0-1: Ball
1-1: Swinging Strike
1-2: Foul Ball, location: 2F
1-2: Ball
2-2: Ball
3-2: Fly out, F7 (Flyball, 78S, EV 87.5 MPH)
Bottom of the 2nd over - 0 runs, 1 hit, 0 errors, 1 left on base; Atlanta 0 - Chicago 0
TOP OF THE 3RD
Atlanta Braves batting - Pitching for Chicago Cubs : LHP Adrian Wolf
Batting: LHB Mike Hargrove 0-0: Foul Ball, location: 2F
0-1: Ball
1-1: SINGLE (Groundball, 4MD, EV 108.8 MPH)
Batting: LHB Leon Durham 0-0: Called Strike
0-1: Foul Ball, location: 2F
0-2: SINGLE (Line Drive, 9S, EV 88.1 MPH)
Mike Hargrove to second
Runner from 2nd tries for 3rd, SAFE, throw by RF made to third
Batting: LHB Karl Pagel 0-0: Foul Ball, location: 2F
0-1: Foul Ball, location: 2F
0-2: Ball
1-2: Strikes out swinging
Batting: LHB Mike Scioscia 0-0: Called Strike
0-1: Called Strike
Leon Durham steals 2nd base
0-2: Ball
1-2: Ground out 6-3 (Groundball, 6, EV 80.6 MPH)
Mike Hargrove scores
Leon Durham to third
Batting: RHB Craig Kusick 0-0: Foul Ball, location: 2F
0-1: Ball
1-1: Ball
2-1: Called Strike
2-2: Strikes out looking
Top of the 3rd over - 1 run, 2 hits, 0 errors, 1 left on base; Atlanta 1 - Chicago 0
BOTTOM OF THE 3RD
Chicago Cubs batting - Pitching for Atlanta Braves : RHP Dick Drago
Batting: RHB Bob Brenly 0-0: Called Strike
0-1: Ball
1-1: Swinging Strike
1-2: Fly out, F2 (Popup, 3SF, EV 71.9 MPH)
Batting: LHB Adrian Wolf 0-0: Fly out, F8 (Flyball, 8RM, EV 90.0 MPH)
Batting: RHB Gary Ward 0-0: Called Strike
0-1: Fly out, F9 (Flyball, 9D, EV 101.9 MPH)
Bottom of the 3rd over - 0 runs, 0 hits, 0 errors, 0 left on base; Atlanta 1 - Chicago 0
TOP OF THE 4TH
Atlanta Braves batting - Pitching for Chicago Cubs : LHP Adrian Wolf
Batting: LHB Joe L Morgan 0-0: Foul Ball, location: 2F
0-1: Foul Ball, location: 2F
0-2: Ball
1-2: Foul Ball, location: 2F
1-2: Foul Ball, location: 2F
1-2: Ball
2-2: Ball
3-2: Ground out 4-3 (Groundball, 4D, EV 104.4 MPH)
Batting: RHB John Freitas 0-0: Fly out, F8 (Flyball, 8LXD, EV 88.1 MPH)
Batting: RHB Dick Drago 0-0: Ball
1-0: Called Strike
1-1: Ball
2-1: Foul Ball, location: 2F
2-2: Strikes out swinging
Top of the 4th over - 0 runs, 0 hits, 0 errors, 0 left on base; Atlanta 1 - Chicago 0
BOTTOM OF THE 4TH
Chicago Cubs batting - Pitching for Atlanta Braves : RHP Dick Drago
Batting: RHB Randy Ready 0-0: Ball
1-0: Ball
2-0: Ball
3-0: Called Strike
3-1: Foul Ball, location: 2F
3-2: Ground out 5-3 (Groundball, 5S, EV 83.8 MPH)
Batting: RHB Lonnie Smith 0-0: Ball
1-0: Fly out, F8 (Line Drive, 8LD, EV 104.4 MPH)
Batting: RHB Jim Rice 0-0: Ball
1-0: Called Strike
1-1: Foul Ball, location: 2F
1-2: Ball
2-2: Strikes out swinging
Bottom of the 4th over - 0 runs, 0 hits, 0 errors, 0 left on base; Atlanta 1 - Chicago 0
TOP OF THE 5TH
Atlanta Braves batting - Pitching for Chicago Cubs : LHP Adrian Wolf
Batting: SHB Tony Fernandez 0-0: Called Strike
0-1: Ball
1-1: Ball
2-1: Ball
3-1: Fly out, F5 (Popup, P, EV 76.3 MPH)
Batting: LHB Mike Hargrove 0-0: Called Strike
0-1: Swinging Strike
0-2: Ball
1-2: Ball
2-2: SINGLE (Line Drive, 9S, EV 95.0 MPH)
Batting: LHB Leon Durham 0-0: Ball
1-0: Swinging Strike
1-1: Ball
2-1: Swinging Strike
2-2: Foul Ball, location: 2F
2-2: Ball
3-2: Strikes out swinging
Batting: LHB Karl Pagel 0-0: Ball
1-0: Foul Ball, location: 2F
1-1: Foul Ball, location: 2F
1-2: Ball
2-2: Ball
3-2: Fly out, F8 (Flyball, 78XD, EV 105.0 MPH)
Top of the 5th over - 0 runs, 1 hit, 0 errors, 1 left on base; Atlanta 1 - Chicago 0
BOTTOM OF THE 5TH
Chicago Cubs batting - Pitching for Atlanta Braves : RHP Dick Drago
Batting: SHB Roy Smalley 0-0: Ball
1-0: Fly out, F7 (Flyball, 78M, EV 86.3 MPH)
Batting: RHB Marty Castillo 0-0: Ball
1-0: Fly out, F9 (Flyball, 9LD, EV 91.3 MPH)
Batting: LHB Gerald Perry 0-0: Foul Ball, location: 2F
0-1: Foul Ball, location: 2F
0-2: Strikes out looking
Bottom of the 5th over - 0 runs, 0 hits, 0 errors, 0 left on base; Atlanta 1 - Chicago 0
TOP OF THE 6TH
Atlanta Braves batting - Pitching for Chicago Cubs : LHP Adrian Wolf
Batting: LHB Mike Scioscia 0-0: Reached on error, E4 (Groundball, 4S, EV 88.1 MPH)
Batting: RHB Craig Kusick 0-0: Ball
1-0: Ball
2-0: Ball
3-0: Called Strike
3-1: Foul Ball, location: 2F
3-2: Foul Ball, location: 2F
3-2: Fly out, F8 (Flyball, 89M, EV 87.5 MPH)
Pitching: RHP Robert Weismiller
Now at 2B: Fran Mullins
Batting: LHB Joe L Morgan 0-0: Called Strike
0-1: Ball
1-1: Foul Ball, location: 2F
1-2: Foul Ball, location: 2F
1-2: Ball
2-2: Ball
3-2: Foul Ball, location: 2F
3-2: Fly out, F4 (Popup, 4, EV 55.0 MPH)
Batting: RHB John Freitas 0-0: Intentional Walk
Batting: RHB Dick Drago 0-0: Ball
1-0: Called Strike
1-1: Foul Ball, location: 2F
1-2: Fly out, F4 (Flyball, 34D, EV 82.5 MPH)
Top of the 6th over - 0 runs, 0 hits, 1 error, 2 left on base; Atlanta 1 - Chicago 0
BOTTOM OF THE 6TH
Chicago Cubs batting - Pitching for Atlanta Braves : RHP Dick Drago
Batting: RHB Bob Brenly 0-0: Ground out U3 (Groundball, 34S, EV 85.0 MPH)
Batting: RHB Fran Mullins 0-0: Ball
1-0: Ball
2-0: Swinging Strike
2-1: Called Strike
2-2: Ball
3-2: Foul Ball, location: 2F
3-2: Strikes out looking
Batting: RHB Gary Ward 0-0: SOLO HOME RUN (Flyball, 7D, EV 105.0 MPH), Distance : 380 ft
Batting: RHB Randy Ready 0-0: Ball
1-0: SINGLE (Groundball, 5S, EV 73.8 MPH) (infield hit)
Batting: RHB Lonnie Smith 0-0: Ball
1-0: Called Strike
1-1: DOUBLE (Line Drive, 7LM, EV 100.6 MPH)
Randy Ready to third
Runner from 3rd tries for Home, SAFE, throw by LF to home
Batting: RHB Jim Rice 0-0: Ball
1-0: Ball
2-0: Ball
3-0: Base on Balls
Batting: SHB Roy Smalley 0-0: Ball
1-0: Foul Ball, location: 2F
1-1: Called Strike
1-2: SINGLE (Flyball, 78M, EV 90.6 MPH)
Lonnie Smith to third
Jim Rice to second
Runner from 3rd tries for Home, SAFE, throw by CF to home
Pinch Hitting: LHB Dave Bergman 0-0: Ball
1-0: Foul Ball, location: 2F
1-1: Ball
2-1: Fly out, F6 (Popup, 6MS, EV 85.0 MPH)
Bottom of the 6th over - 3 runs, 4 hits, 0 errors, 2 left on base; Atlanta 1 - Chicago 3
TOP OF THE 7TH
Atlanta Braves batting - Pitching for Chicago Cubs : RHP Robert Weismiller
Pitching: RHP Tom Niedenfuer
Batting: SHB Tony Fernandez 0-0: Reached on error, E4 (Groundball, 34D, EV 107.5 MPH)
Batting: LHB Mike Hargrove 0-0: Foul Ball, location: 2F
0-1: Called Strike
0-2: Ball
1-2: Foul Ball, location: 2F
1-2: Ball
2-2: Fly out, F8 (Flyball, 8RM, EV 86.3 MPH)
Batting: LHB Leon Durham 0-0: Ball
1-0: Ball
2-0: Ball
3-0: Called Strike
3-1: Fly out, F9 (Flyball, 9LS, EV 70.6 MPH)
Batting: LHB Karl Pagel 0-0: Foul Ball, location: 2F
0-1: Swinging Strike
0-2: Ball
1-2: Ball
2-2: Foul Ball, location: 2F
2-2: Strikes out swinging
Top of the 7th over - 0 runs, 0 hits, 1 error, 1 left on base; Atlanta 1 - Chicago 3
BOTTOM OF THE 7TH
Chicago Cubs batting - Pitching for Atlanta Braves : RHP Dick Drago
Batting: LHB Gerald Perry 0-0: Ball
1-0: Fly out, F8 (Flyball, 8LD, EV 100.6 MPH)
Batting: RHB Bob Brenly 0-0: Called Strike
0-1: Ball
1-1: Fly out, F3 (Line Drive, 3, EV 68.8 MPH)
Batting: RHB Fran Mullins 0-0: Ball
1-0: Foul Ball, location: 2F
1-1: Swinging Strike
1-2: Fly out, F9 (Flyball, 89D, EV 105.0 MPH)
Bottom of the 7th over - 0 runs, 0 hits, 0 errors, 0 left on base; Atlanta 1 - Chicago 3
TOP OF THE 8TH
Atlanta Braves batting - Pitching for Chicago Cubs : RHP Tom Niedenfuer
Batting: LHB Mike Scioscia 0-0: Called Strike
0-1: SINGLE (Groundball, 56D, EV 101.9 MPH)
Batting: RHB Craig Kusick 0-0: Ball
1-0: Foul Ball, location: 2F
1-1: Ball
Wild Pitch!
Mike Scioscia to second
2-1: Ball
3-1: Base on Balls
Pitching: LHP Abelino Pena
Batting: LHB Joe L Morgan 0-0: Foul Ball, location: 2F
0-1: Fielders Choice at 2nd, 3-6 (Groundball, 34, EV 103.8 MPH)
Mike Scioscia to third
Pitching: LHP Dave Dravecky
Batting: RHB John Freitas 0-0: Ball
1-0: Foul Ball, location: 2F
1-1: Foul Ball, location: 2F
1-2: Ground out 5-3 (Groundball, 56, EV 85.6 MPH)
Joe L Morgan to second
Pinch Hitting: RHB Gil Flores 0-0: Called Strike
0-1: Ball
1-1: Foul Ball, location: 2F
1-2: Strikes out swinging
Top of the 8th over - 0 runs, 1 hit, 0 errors, 2 left on base; Atlanta 1 - Chicago 3
BOTTOM OF THE 8TH
Chicago Cubs batting - Pitching for Atlanta Braves : RHP Dick Drago
Pitching: RHP Charlie Lea
Batting: RHB Gary Ward 0-0: Called Strike
0-1: Ball
1-1: SINGLE (Groundball, 56D, EV 97.5 MPH)
Batting: RHB Randy Ready 0-0: Ball
1-0: Fly out, F7 (Flyball, 78XD, EV 106.9 MPH)
Batting: RHB Lonnie Smith 0-0: Called Strike
Gary Ward is caught stealing 2nd base 2-4
0-1: Ball
1-1: Called Strike
1-2: Ball
2-2: Strikes out looking
Bottom of the 8th over - 0 runs, 1 hit, 0 errors, 0 left on base; Atlanta 1 - Chicago 3
TOP OF THE 9TH
Atlanta Braves batting - Pitching for Chicago Cubs : LHP Dave Dravecky
Batting: SHB Tony Fernandez 0-0: Ball
1-0: SINGLE (Groundball, 4M, EV 108.1 MPH) (infield hit)
Batting: LHB Mike Hargrove 0-0: Called Strike
0-1: Foul Ball, location: 2F
0-2: Ball
1-2: Foul Ball, location: 2F
1-2: Foul Ball, location: 2F
1-2: Strikes out swinging
Batting: LHB Leon Durham 0-0: Called Strike
0-1: Called Strike
0-2: Reached on error, E4 (Groundball, 34, EV 86.3 MPH)
Tony Fernandez to second
Batting: LHB Karl Pagel 0-0: Ball
1-0: Foul Ball, location: 2F
1-1: Ball
2-1: Fielders Choice at 2nd, 1-4 (Groundball, 15S, EV 67.5 MPH)
Tony Fernandez to third
Batting: LHB Mike Scioscia 0-0: Fielders Choice at 2nd, 5-4 (Groundball, 56, EV 105.0 MPH)
Top of the 9th over - 0 runs, 1 hit, 1 error, 2 left on base; Atlanta 1 - Chicago 3
Monday, August 17th, 2020 - OOTP Baseball 21.5 Build 76